 Dungeon Crawl Stone Soup version 0.21-a0-95-g06f091e (webtiles) character file.

1666 grindst0ne the Skirmisher (level 9, -2/72 HPs)
             Began as a Formicid Hunter on July 4, 2017.
             Was a Believer of Okawaru.
             Slain by a wight
             ... wielding a cursed +3 great sword of freezing
              (13 damage)
             ... on level 6 of the Dungeon.
             The game lasted 00:17:35 (6541 turns).

grindst0ne the Skirmisher (Formicid Hunter)         Turns: 6541, Time: 00:17:36

Health: -2/72      AC: 13    Str: 17    XL:     9   Next: 20%
Magic:  20/20      EV:  5    Int: 12    God:    Okawaru [**....]
Gold:   243        SH:  0    Dex: 13    Spells: 8/8 levels left

rFire    . . .     SeeInvis +   u - +1 hand axe (venom)
rCold    . . .     Gourm    .   (no shield)
rNeg     . . .     Faith    .   s - +0 plate armour
rPois    .         Spirit   .   (helmet unavailable)
rElec    .         Reflect  .   (no cloak)
rCorr    .         Harm     .   (no gloves)
MR       .....                  (no boots)
Stlth    ..........             (no amulet)
HPRegen  0.22/turn              v - ring of magical power
MPRegen  0.17/turn              (no ring)

@: heavily drained
A: permanent stasis, dig shafts and tunnels, four strong arms, antennae 3, slimy
green scales 1, blurry vision 1
a: Dig, Shaft Self, Heroism, Renounce Religion


You were on level 6 of the Dungeon.
You worshipped Okawaru.
Okawaru was pleased with you.
You were near starving.

You visited 2 branches of the dungeon, and saw 7 of its levels.

You collected 243 gold pieces.

Inventory:

Hand Weapons
 a - a +1 hand crossbow
 b - a +0 short sword
 r - a +0 dagger of venom
 u - a +1 hand axe of venom (weapon)
 x - a +1 whip of flaming
Missiles
 d - 30 bolts
Armour
 c - a +0 leather armour
 g - a +0 ring mail
 s - a +0 plate armour (worn)
Jewellery
 v - a ring of magical power (left hand)
Wands
 n - a wand of disintegration (17/24)
 y - a wand of iceblast (9/15)
Scrolls
 e - a scroll of remove curse
 i - a scroll of fear {unknown}
 l - a scroll of teleportation {unknown}
 m - a scroll of enchant weapon
 q - 2 scrolls of blinking
 t - 2 scrolls of amnesia
Potions
 h - a potion of agility
 k - 2 potions of flight
 z - a potion of curing {unknown}
Books
 w - a book of Clouds

   Spells                             Type                      Level
   a - Poisonous Vapours              Poison/Air                   2
   b - Mephitic Cloud                 Conjuration/Poison/Air       3
   c - Conjure Flame                  Conjuration/Fire             3
   d - Freezing Cloud                 Conjuration/Ice/Air          6
   e - Ring of Flames                 Charms/Fire                  7
 A - a book of Frost

   Spells                             Type                      Level
   a - Freeze                         Ice                          1
   b - Throw Frost                    Conjuration/Ice              2
   c - Ozocubu's Armour               Charms/Ice                   3
   d - Throw Icicle                   Conjuration/Ice              4
   e - Summon Ice Beast               Ice/Summoning                4
 B - a book of Debilitation

   Spells                             Type                      Level
   a - Corona                         Hexes                        1
   b - Slow                           Hexes                        2
   c - Inner Flame                    Hexes/Fire                   3
   d - Portal Projectile              Hexes/Translocation          3
   e - Cause Fear                     Hexes                        4
   f - Leda's Liquefaction            Hexes/Earth                  4
Comestibles
 f - 6 bread rations
 j - 4 fruits
 o - 2 royal jellies
 p - 2 meat rations


   Skills:
 - Level 7.2(4.7) Fighting
 - Level 0.2(0.0) Short Blades
 + Level 6.2(3.7) Axes
 - Level 5.0(2.5) Crossbows
 + Level 4.6(2.2) Armour
 - Level 1.7(0.0) Dodging
 - Level 1.2(0.0) Stealth
 * Level 3.6(1.3) Evocations


You had 8 spell levels left.
You didn't know any spells.

Dungeon Overview and Level Annotations

Branches:
Dungeon (6/15)             Temple (1/1) D:4

Altars:
Ashenzari
Cheibriados
Dithmenos
Elyvilon
Fedhas
Hepliaklqana
Kikubaaqudgha
Nemelex Xobeh
Okawaru
Ru
Sif Muna
Trog
Uskayaw
Wu Jian
Xom
Zin
The Shining One

Portals:
Sewer: D:6


Innate Abilities, Weirdness & Mutations

You cannot be hasted, slowed, berserked, paralysed or teleported.
You can dig through walls and to a lower floor.
Your four strong arms can wield two-handed weapons with a shield.
You have a pair of large antennae on your head. (SInv)
You are partially covered in slimy green scales. (AC +2)
Scrolls take you a little longer to read.


Message History

* * * LOW HITPOINT WARNING * * *
You feel drained.
* * * LOW HITPOINT WARNING * * *
The wight freezes you.
* * * LOW HITPOINT WARNING * * *
You dig through the rock wall.
You dig through the rock wall.
You dig through the rock wall.
You dig through the rock wall.
You dig through the rock wall.
You retract your mandibles.
All of the chunks of flesh in your inventory have rotted away.
You hear the rusting of a distant drain.
You see here a potion of agility.
h - a potion of agility The wight barely misses you.
You see here a bubbling cyan potion.
z - a bubbling cyan potion The wight hits you with a great sword of freezing!
You die...

,###..............##.#
*,*******
,.................##.#
*{{{,,,,,
,......#..........##.#
*********
,,................##.# *
..####...<........##.# *
..................##.# *
........###..###.###.## *
......#.# #......z....##
.....,#.#*#.####@#.###.##
....,,#.....# #.##.###.##
...,,,...##.#**#.###.###.##
..,,,........,,..#
##.###.##
.,,,,....##.#**###
##.###.## ,,,,,.#.###.#
##.###.## ***,***,**#>**
##.###.## *,* *,**,,,**
##.###.## *,*
*,*,,,,,*****#######.###.##


You could see a wight.

Vanquished Creatures
  Pikel (D:4)
  Prince Ribbit (D:4)
  A hippogriff (D:4)
  2 phantoms
  A sky beast (D:5)
  A scorpion (D:5)
  A wight (D:5)
  2 howler monkeys (D:5)
  5 worker ants
  2 iguanas
  An orc wizard (D:3)
  4 gnolls
  6 adders
  A shadow imp (D:5)
  An ooze (D:1)
  An adder skeleton (D:5)
  A worm (D:2)
  5 dart slugs
  4 leopard geckos
  8 orcs
  5 giant cockroaches
  9 goblins
  6 hobgoblins
  5 jackals
  5 quokkas
  A ball python (D:3)
  7 bats
  5 frilled lizards
  7 kobolds
  8 rats
107 creatures vanquished.

Vanquished Creatures (others)
  A bullfrog skeleton (D:4)
  A giant cockroach (D:4)
  3 jackals (D:4)
5 creatures vanquished.

Grand Total: 112 creatures vanquished

Notes
Turn   | Place    | Note
-------+----------+-------------------------------------------
     0 | D:1      | grindst0ne the Formicid Hunter began the quest for the Orb.
     0 | D:1      | Reached XP level 1. HP: 16/16 MP: 1/1
   122 | D:1      | Reached XP level 2. HP: 22/22 MP: 2/2
   548 | D:1      | Reached XP level 3. HP: 27/27 MP: 3/3
   739 | D:1      | Reached skill level 5 in Crossbows
   862 | D:2      | Found a hazy altar of Hepliaklqana.
  1085 | D:2      | You fall through a shaft for 2 floors!
  1109 | D:4      | Found a snail-covered altar of Cheibriados.
  1123 | D:4      | Reached skill level 1 in Armour
  1123 | D:4      | Reached XP level 4. HP: 17/34 MP: 4/4
  1489 | D:4      | Reached skill level 3 in Fighting
  1736 | D:2      | Reached XP level 5. HP: 37/41 MP: 5/5
  2130 | D:2      | Found a glowing golden altar of the Shining One.
  2132 | D:2      | Found a white marble altar of Elyvilon.
  2132 | D:2      | Found a bloodstained altar of Trog.
  2966 | D:3      | Found a sacrificial altar of Ru.
  3019 | D:3      | Reached XP level 6. HP: 31/48 MP: 6/6
  3025 | D:3      | Gained mutation: Scrolls take you a little longer to read. [potion of mutation]
  3025 | D:3      | Gained mutation: You are partially covered in slimy green scales. (AC +2) [potion of mutation]
  3422 | D:3      | Found a faded altar of an unknown god.
  3595 | D:3      | Reached skill level 4 in Fighting
  3605 | D:3      | Reached skill level 1 in Axes
  3749 | D:4      | Found a staircase to the Ecumenical Temple.
  3827 | Temple   | Entered the Ecumenical Temple
  3876 | Temple   | Became a worshipper of Warmaster Okawaru
  3948 | D:4      | Noticed a phantom
  3978 | D:4      | Killed a phantom
  4109 | D:4      | Noticed a hippogriff
  4125 | D:4      | Killed a hippogriff
  4125 | D:4      | Reached XP level 7. HP: 51/55 MP: 7/7
  4291 | D:4      | Noticed Pikel
  4324 | D:4      | Killed Pikel
  4324 | D:4      | Reached * piety under Okawaru
  4324 | D:4      | Reached skill level 6 in Fighting
  4324 | D:4      | Reached skill level 5 in Axes
  4324 | D:4      | Reached XP level 8. HP: 47/65 MP: 8/8
  4626 | D:5      | Entered Level 5 of the Dungeon
  4629 | D:5      | Noticed Prince Ribbit
  4886 | D:5      | Found a shattered altar of Ashenzari.
  5071 | D:4      | Killed Prince Ribbit
  5071 | D:4      | Reached skill level 7 in Fighting
  5660 | D:5      | Reached skill level 1 in Evocations
  5988 | D:5      | Reached XP level 9. HP: 67/72 MP: 10/10
  6339 | D:5      | Reached ** piety under Okawaru
  6520 | D:6      | Found a glowing drain.
  6541 | D:6      | Slain by a wight

Vault maps used:
D:1:      nicolae_arrival_somewhat_less_tricky_arrival
D:2:      gammafunk_temple_overflow_forgotten, old_standard_altar
D:3:      nicolae_ru_great_annihilating_truth, chequers_ecumenical_altar_lobes
D:4:      lemuel_crystal_altar, minmay_temple_entry_fiery, first_bread,
          uniq_pikel
D:5:      cheibrodos_ashenzari_chains, kennysheep_small_circle,
          uniq_prince_ribbit1
D:6:      nicolae_overflow_crystal_walls, serial_shops, shop_statue,
          gup_sewer_entry_glass
Temple:   cyrus_temple_forest

Skill      XL: |  1  2  3  4  5  6  7  8  9 |
---------------+----------------------------+-----
Crossbows      | 5 |  5.0
Armour         | 1 2 3 4 |  4.6
Fighting       | 3 4 6 7 |  7.2
Axes           | 3 5 6 |  6.2
Evocations     | 2 3 |  3.6
Short Blades   | |  0.2
Dodging        | |  1.7
Stealth        | |  1.2

Action                   |  1- 3 |  4- 6 |  7- 9 || total
-------------------------+-------+-------+-------++-------
Melee: Hand axe          |       |    95 |   151 ||   246
       Short sword       |       |    28 |       ||    28
       Dagger            |       |     5 |       ||     5
       Whip              |       |       |    25 ||    25
 Fire: Hand crossbow     |    62 |    43 |       ||   105
Invok: Heroism           |       |       |     1 ||     1
 Abil: Dig               |       |     2 |     5 ||     7
  Use: Potion            |       |     6 |     2 ||     8
       Scroll            |       |     4 |     4 ||     8
  Eat: Chunk             |       |     9 |     9 ||    18
Armor: Leather armour    |     4 |     4 |       ||     8
       Ring mail         |       |    21 |       ||    21
       Plate armour      |       |    40 |    91 ||   131
Dodge: Dodged            |    13 |    82 |    41 ||   136
